 Dungeon Crawl Stone Soup version 0.22-a0-388-g09e6169 (webtiles) character file.

105 GoochMcTaint the Charmwright (level 4, -3/38 HPs)
             Began as a Gnoll Skald on Apr 29, 2018.
             Slain by Grinder (4 damage)
             ... on level 3 of the Dungeon.
             The game lasted 00:05:08 (2243 turns).

GoochMcTaint the Charmwright (Gnoll Skald)          Turns: 2243, Time: 00:05:09

Health: -3/38      AC:  8    Str: 14    XL:     4   Next: 81%
Magic:  7/11       EV: 13    Int: 16    God:
Gold:   111        SH:  0    Dex: 14    Spells: 9/13 levels left

rFire    . . .     SeeInvis .   a - +0 hand axe
rCold    . . .     Gourm    .   (no shield)
rNeg     . . .     Faith    +   o - +0 ring mail
rPois    .         Spirit   .   (no helmet)
rElec    .         Reflect  .   (no cloak)
rCorr    .         Harm     .   (no gloves)
MR       .....                  f - +2 pair of boots
Stlth    +.........             g - amulet of faith (curse)
HPRegen  0.12/turn              (no ring)
MPRegen  0.12/turn              (no ring)

@: infused, singing
A: distributed training, fangs 1, strong nose
a: no special abilities


You were on level 3 of the Dungeon.
You were not hungry.

You visited 1 branch of the dungeon, and saw 3 of its levels.

You collected 111 gold pieces.

Inventory:

Hand Weapons
 a - a +0 hand axe (weapon)
Armour
 b - a +0 leather armour
 f - a +2 pair of boots (worn)
 o - a +0 ring mail (worn)
Jewellery
 g - a cursed amulet of faith (around neck)
Scrolls
 c - 2 scrolls of amnesia {unknown}
 e - 3 scrolls of remove curse {unknown}
 h - 3 scrolls of identify {unknown}
Potions
 i - a potion of berserk rage {unknown}
 j - 2 potions of ambrosia {unknown}
 k - a potion of heal wounds {unknown}
 l - a potion of lignification {unknown}
 m - 3 potions of flight {unknown}
 n - a potion of invisibility {unknown}
Comestibles
 d - 6 rations


   Skills:
 + Level 4.7 Fighting
 + Level 1.2 Short Blades
 + Level 1.2 Long Blades
 + Level 4.7 Axes
 + Level 1.2 Maces & Flails
 + Level 1.2 Polearms
 + Level 1.2 Staves
 + Level 1.2 Slings
 + Level 1.2 Bows
 + Level 1.2 Crossbows
 + Level 1.2 Throwing
 + Level 2.8 Armour
 + Level 4.7 Dodging
 + Level 1.2 Stealth
 + Level 1.2 Shields
 + Level 1.2 Unarmed Combat
 + Level 5.1 Spellcasting
 + Level 1.0 Conjurations
 + Level 1.0 Hexes
 + Level 5.5 Charms
 + Level 1.0 Summonings
 + Level 1.0 Necromancy
 + Level 1.0 Translocations
 + Level 1.0 Transmutations
 + Level 1.0 Fire Magic
 + Level 1.0 Ice Magic
 + Level 1.0 Air Magic
 + Level 1.0 Earth Magic
 + Level 1.0 Poison Magic
 + Level 1.3 Invocations
 + Level 1.2 Evocations


You had 9 spell levels left.
You knew the following spells:

 Your Spells              Type           Power        Failure   Level  Hunger
a - Infusion              Chrm           ###.         3%          1    None
b - Song of Slaying       Chrm           ###.....     4%          2    #......
c - Freeze                Ice            #...         21%         1    None


Dungeon Overview and Level Annotations

Branches:
Dungeon (3/15)

Altars:

Annotations:
D:3 Grinder


Innate Abilities, Weirdness & Mutations

Your experience applies equally to all skills.
You have very sharp teeth.
Your uncanny sense of smell can sniff out nearby items.


Message History

Grinder is moderately wounded.
Grinder hits you.
* * * LOW HITPOINT WARNING * * *
You writhe in agony.
* * * LOW HITPOINT WARNING * * *
Sorry, you're not good enough to have a special ability.
Casting: Infusion (safe; 3% risk of failure)
Confirm with . or Enter, or press ? or * to list all spells.
You start singing a song of slaying.
Grinder barely misses you.
You hit Grinder!
Grinder is heavily wounded.
Grinder hits you but does no damage.
You closely miss Grinder.
Grinder is heavily wounded.
Grinder hits you.
* * * LOW HITPOINT WARNING * * *
You writhe in agony.
* * * LOW HITPOINT WARNING * * *
Grinder hits you.
You die...

#+# #.# #.# ##.##
#########...##
.............#
#######.#...###########.
#..†......@5......
##################


You could see Grinder.

Vanquished Creatures
  4 adders
  An ooze (D:2)
  2 worms (D:2)
  4 dart slugs
  7 giant cockroaches
  3 goblins
  4 hobgoblins
  6 kobolds
  2 quokkas
  8 bats
  7 frilled lizards
  4 rats
52 creatures vanquished.

Notes
Turn   | Place    | Note
-------+----------+-------------------------------------------
     0 | D:1      | GoochMcTaint the Gnoll Skald began the quest for the Orb.
     0 | D:1      | Reached XP level 1. HP: 20/20 MP: 6/6
   138 | D:1      | Reached XP level 2. HP: 18/26 MP: 7/7
   551 | D:1      | Reached XP level 3. HP: 31/31 MP: 9/9
   702 | D:1      | Reached skill level 5 in Spellcasting
   721 | D:1      | Learned a level 2 spell: Song of Slaying
   723 | D:1      | Learned a level 1 spell: Freeze
   822 | D:2      | Reached skill level 1 in Invocations
  1077 | D:2      | Reached skill level 1 in Short Blades
  1077 | D:2      | Reached skill level 1 in Long Blades
  1077 | D:2      | Reached skill level 1 in Maces & Flails
  1077 | D:2      | Reached skill level 1 in Polearms
  1077 | D:2      | Reached skill level 1 in Staves
  1077 | D:2      | Reached skill level 1 in Slings
  1077 | D:2      | Reached skill level 1 in Bows
  1077 | D:2      | Reached skill level 1 in Crossbows
  1077 | D:2      | Reached skill level 1 in Throwing
  1077 | D:2      | Reached skill level 1 in Stealth
  1077 | D:2      | Reached skill level 1 in Shields
  1077 | D:2      | Reached skill level 1 in Unarmed Combat
  1077 | D:2      | Reached skill level 1 in Evocations
  1176 | D:2      | Reached XP level 4. HP: 33/38 MP: 11/11
  1872 | D:2      | Reached skill level 1 in Conjurations
  1872 | D:2      | Reached skill level 1 in Hexes
  1872 | D:2      | Reached skill level 1 in Summonings
  1872 | D:2      | Reached skill level 1 in Necromancy
  1872 | D:2      | Reached skill level 1 in Translocations
  1872 | D:2      | Reached skill level 1 in Transmutations
  1872 | D:2      | Reached skill level 1 in Fire Magic
  1872 | D:2      | Reached skill level 1 in Ice Magic
  1872 | D:2      | Reached skill level 1 in Air Magic
  1872 | D:2      | Reached skill level 1 in Earth Magic
  1872 | D:2      | Reached skill level 1 in Poison Magic
  2230 | D:3      | Noticed Grinder
  2243 | D:3      | HP: 1/38 [Grinder (6)]
  2243 | D:3      | Slain by Grinder

Vault maps used:
D:1:      erik_arrival_triangle_large, grunt_decor_resistance,
          kennysheep_doodads, st_stairs_5, minivault_5, item_on_display_a
D:2:      first_ration, minmay_tromino_i4
D:3:      nicolae_qazlal_general_emergency, lemuel_zombie_altar_yredelemnul,
          grunt_ministairs_1, uniq_jessica, uniq_grinder

Skill      XL: |  1  2  3  4 |
---------------+-------------+-----
Spellcasting   | 5 |  5.1
Invocations    | 1 |  1.3
Short Blades   | 1 |  1.2
Long Blades    | 1 |  1.2
Maces & Flails | 1 |  1.2
Polearms       | 1 |  1.2
Staves         | 1 |  1.2
Slings         | 1 |  1.2
Bows           | 1 |  1.2
Crossbows      | 1 |  1.2
Throwing       | 1 |  1.2
Stealth        | 1 |  1.2
Shields        | 1 |  1.2
Unarmed Combat | 1 |  1.2
Evocations     | 1 |  1.2
Conjurations   | 1 |  1.0
Hexes          | 1 |  1.0
Summonings     | 1 |  1.0
Necromancy     | 1 |  1.0
Translocations | 1 |  1.0
Transmutations | 1 |  1.0
Fire Magic     | 1 |  1.0
Ice Magic      | 1 |  1.0
Air Magic      | 1 |  1.0
Earth Magic    | 1 |  1.0
Poison Magic   | 1 |  1.0
Fighting       | |  4.7
Axes           | |  4.7
Armour         | |  2.8
Dodging        | |  4.7
Charms         | |  5.5

Action                   |  1- 3 |  4- 6 || total
-------------------------+-------+-------++-------
Melee: Hand axe          |   115 |    75 ||   190
       Bite              |     9 |     5 ||    14
       Punch             |     1 |       ||     1
 Cast: Infusion          |     1 |     1 ||     2
       Song of Slaying   |       |     1 ||     1
 Stab: Sleeping          |     3 |       ||     3
  Eat: Chunk             |       |     4 ||     4
Armor: Leather armour    |    59 |       ||    59
       Ring mail         |     1 |    22 ||    23
Dodge: Dodged            |   111 |    47 ||   158

Table legend:
 A = Spawn XP
 B = Non-spawn XP
 C = Spawn XP percentage of total XP
 D = Spawn monster count
 E = Non-spawn monster count
 F = Spawn count percentage of total count
 G = Total turns spent on level
                    A         B        C        D         E        F      G
               +---------+---------+-------+---------+---------+-------+---------
         Total |       0 |     150 |   0.0 |       0 |      52 |   0.0 |  2243
               +---------+---------+-------+---------+---------+-------+---------
           D:1 |       0 |      42 |   0.0 |       0 |      24 |   0.0 |   744
           D:2 |       0 |      91 |   0.0 |       0 |      25 |   0.0 |  1233
           D:3 |       0 |      17 |   0.0 |       0 |       3 |   0.0 |   266
               +---------+---------+-------+---------+---------+-------+---------
